 Dungeon Crawl Stone Soup version 0.22.1-1-ga44c0e5 (webtiles) character file.

180 flecky the Ruffian (level 5, 0/52 HPs)
             Began as a Troll Berserker on Oct 18, 2018.
             Was a Believer of Trog.
             Slain by an orc
             ... wielding a +0 flail
              (5 damage)
             ... on level 3 of the Dungeon.
             The game lasted 00:05:30 (1488 turns).

flecky the Ruffian (Troll Berserker)                Turns: 1488, Time: 00:05:31

Health: 0/52       AC:  5    Str: 26    XL:     5   Next: 33%
Magic:  4/4        EV: 11    Int:  3    God:    Trog [**....]
Gold:   106        SH:  0    Dex:  9    Spells: 4/4 levels left

rFire    . . .     SeeInvis .     - Unarmed
rCold    . . .     Gourm    +   (no shield)
rNeg     . . .     Faith    .   a - +0 animal skin
rPois    .         Spirit   .   (helmet restricted)
rElec    .         Reflect  .   (no cloak)
rCorr    .         Harm     .   (gloves unavailable)
MR       .....                  (boots unavailable)
Stlth    +.........             (no amulet)
HPRegen  0.57/turn              (no ring)
MPRegen  0.09/turn              (no ring)

@: lethally poisoned (0 -> 0)
A: large, unfitting armour, claws 3, fast metabolism 3, gourmand, regeneration
1, shaggy fur 1, tough skin 2
a: Berserk, Trog's Hand, Renounce Religion


You were on level 3 of the Dungeon.
You worshipped Trog.
Trog was pleased with you.
You were not hungry.

You visited 1 branch of the dungeon, and saw 3 of its levels.

You collected 106 gold pieces.

Inventory:

Armour
 a - a +0 animal skin (worn)
Jewellery
 n - an uncursed amulet of magic regeneration {unknown}
 o - a +1 ring of evasion {unknown}
Scrolls
 c - a scroll of random uselessness {unknown}
 d - 2 scrolls of immolation {unknown}
 e - a scroll of teleportation {unknown}
 g - 4 scrolls of identify {unknown}
 i - a scroll of noise {i, unknown}
 j - a scroll of remove curse {unknown}
Potions
 f - a potion of ambrosia {unknown}
 h - a potion of might {unknown}
 k - a potion of brilliance {unknown}
 l - a potion of curing {unknown}
 m - 2 potions of degeneration {unknown}
 p - a potion of flight {unknown}
Comestibles
 b - 9 rations


   Skills:
 + Level 2.9 Fighting
 + Level 3.5 Dodging
 + Level 4.8 Unarmed Combat


You had 4 spell levels left.
You didn't know any spells.
Your spell library was empty.

Dungeon Overview and Level Annotations

Branches:
Dungeon (3/15)

Altars:

Annotations:
D:3 Grinder, Terence


Innate Abilities, Weirdness & Mutations

You are too large for most types of armour.
You have claws for hands.
Your metabolism is lightning-fast.
You like to eat raw meat.
Your natural rate of healing is unusually fast.
You are covered in fur. (AC +1)
You have very tough skin. (AC +2)


Message History

The orc wizard hits you but does no damage.
The orc barely misses you. The orc hits you with a flail.
* * * LOW HITPOINT WARNING * * *
You closely miss the orc.
You feel sick.
The orc wizard hits you but does no damage.
Grinder comes into view.
The orc misses you.
Grinder shouts!
You scratch the orc but do no damage. You claw the orc.
The orc is almost dead.
Terence says, "How do you enjoy it?" The orc wizard barely misses you.
The orc hits you with a flail.
* * * LOW HITPOINT WARNING * * *
You scratch the orc.
You kill the orc!
Trog accepts your kill.
You feel sick.
The orc wizard hits you but does no damage.
The orc hits you with a flail.
You die...

...# ..o...
#..###......
#..........
..#.###o....#
..@....ow#
#.....#@K###.##
#.#.# #oK......
# #[###....
#@o# ...
##o.......
####..... ....
... .. .


You could see Terence, a worm, an orc wizard, 4 orcs and 2 kobolds.

Vanquished Creatures
  An ogre (D:2)
  An orc wizard (D:3)
  4 dart slugs
  An orc (D:3)
  2 giant cockroaches
  7 goblins
  17 hobgoblins
  A jackal (D:1)
  8 bats
  4 frilled lizards
  7 kobolds
  8 rats
61 creatures vanquished.

Notes
Turn   | Place    | Note
-------+----------+-------------------------------------------
     0 | D:1      | flecky the Troll Berserker began the quest for the Orb.
     0 | D:1      | Reached XP level 1. HP: 22/22 MP: 0/0
    63 | D:1      | Reached XP level 2. HP: 22/29 MP: 1/1
   326 | D:1      | Reached ** piety under Trog
   326 | D:1      | Reached XP level 3. HP: 31/36 MP: 2/2
  1121 | D:2      | Noticed an ogre
  1143 | D:2      | Killed an ogre
  1143 | D:2      | Reached skill level 4 in Unarmed Combat
  1143 | D:2      | Reached XP level 4. HP: 44/44 MP: 3/3
  1143 | D:2      | Reached XP level 5. HP: 52/52 MP: 4/4
  1465 | D:3      | Noticed Terence
  1486 | D:3      | Noticed Grinder
  1488 | D:3      | Slain by an orc

Skill      XL: |  1  2  3 |
---------------+----------+-----
Dodging        | 3 |  3.5
Unarmed Combat | 4 |  4.8
Fighting       | |  2.9

Action                   |  1- 3 |  4- 6 || total
-------------------------+-------+-------++-------
Melee: Unarmed           |   131 |    32 ||   163
       Punch             |     1 |     1 ||     2
  Eat: Chunk             |    10 |     3 ||    13
Armor: Animal skin       |    70 |    19 ||    89
Dodge: Dodged            |   110 |    30 ||   140
